 Dungeon Crawl Stone Soup version 0.20.1-1-g8b1a95d (webtiles) character file.

140 equalderp2856 the Covered (level 5, -2/47 HPs)
             Began as a Minotaur Fighter on Aug 11, 2017.
             Slain by an ogre
             ... wielding a +0 giant spiked club
              (25 damage)
             ... on level 4 of the Dungeon.
             The game lasted 00:04:58 (2902 turns).

equalderp2856 the Covered (Minotaur Fighter)        Turns: 2902, Time: 00:04:59

Health: -2/47      AC:  7    Str: 21    XL:     5   Next: 2%
Magic:  4/4        EV:  8    Int:  5    God:
Gold:   114        SH:  9    Dex: 10    Spells: 4/4 levels left

rFire    . . .     SeeInvis .   a - +0 war axe
rCold    . . .     Gourm    .   c - +0 shield
rNeg     . . .     Faith    .   t - +0 scale mail {MR+}
rPois    .         Spirit   .   (helmet restricted)
rElec    .         Reflect  .   (no cloak)
rCorr    .         Harm     .   (no gloves)
MR       +....                  (no boots)
Stlth    ..........             (no amulet)
Regen    0.2/turn               (no ring)
MPRegen  0.1/turn               (no ring)

@: starving
A: retaliatory headbutt, horns 2
a: no special abilities


You were on level 4 of the Dungeon.
You were starving.

You visited 1 branch of the dungeon, and saw 4 of its levels.

You collected 114 gold pieces.

Inventory:

Hand Weapons
 a - a +0 war axe (weapon)
 v - a +1 dagger of flaming
 D - a cursed +0 hunting sling
Missiles
 q - 85 sling bullets
 r - 118 arrows
 s - 11 poisoned needles
 u - 55 stones (quivered)
 B - 4 tomahawks
 G - 7 bolts
Armour
 b - a +0 scale mail
 c - a +0 shield (worn)
 t - a +0 scale mail of magic resistance (worn)
 C - a +0 buckler
 E - a cursed +0 scale mail
Scrolls
 e - 3 scrolls of remove curse {unknown}
 h - 3 scrolls of identify
 n - 2 scrolls of recharging {unknown}
 o - a scroll of enchant weapon {unknown}
 p - 2 scrolls of teleportation {unknown}
 w - a scroll of immolation {unknown}
 x - a scroll of fear {unknown}
 y - 2 scrolls of blinking {unknown}
Potions
 d - a potion of might
 i - a potion of agility {unknown}
 j - a potion of brilliance {unknown}
 k - 2 potions of degeneration
 m - 2 potions of heal wounds
 z - a potion of curing {unknown}
 A - a potion of haste {unknown}
Books
 F - a book of Transfigurations

   Spells                             Type                      Level
   a - Irradiate                      Conjuration/Transmutation    5
   b - Statue Form                    Transmutation/Earth          6
   c - Hydra Form                     Transmutation                6
   d - Dragon Form                    Transmutation                7
Comestibles
 f - 2 bread rations
 g - 2 meat rations
 l - 5 fruits


   Skills:
 + Level 4.3 Fighting
 + Level 4.1 Axes
 + Level 4.4 Armour
 + Level 0.9 Dodging
 + Level 0.5 Stealth
 + Level 4.4 Shields


You had 4 spell levels left.
You didn't know any spells.

Dungeon Overview and Level Annotations

Branches:
Dungeon (4/15)             Temple (0/1) D:4

Altars:
Ashenzari
Sif Muna


Innate Abilities, Weirdness & Mutations

You reflexively headbutt those who attack you in melee.
You have a pair of horns on your head.


Message History

You enter a teleport trap!
The teleport trap disappears.
Your surroundings suddenly seem different.
Found a mace.
An ogre comes into view. It is wielding a giant spiked club.
The ogre shouts!
The ogre hits you with a giant spiked club!
You barely miss the ogre.
The ogre hits you with a giant spiked club!
You barely miss the ogre. You headbutt the ogre.
The ogre is moderately wounded.
You block the ogre's attack.
You barely miss the ogre. You headbutt the ogre!
The ogre is heavily wounded.
The ogre hits you but does no damage.
You hit the ogre.
You headbutt the ogre, but do no damage.
The ogre is severely wounded.
The ogre hits you with a giant spiked club!!
Ouch! That really hurt!
You die...

### ..# # #.#
##+#######.# #.#
........@O.# #.#
.######.#### #.#
.........###########.#
#######..............#
..)....##############
########


You could see an ogre.

Vanquished Creatures
  3 gnolls (D:3)
  3 adders
  An ooze (D:3)
  3 worms (D:2)
  5 dart slugs
  6 orcs (D:3)
  3 giant cockroaches
  6 goblins
  7 hobgoblins
  5 bats
  9 frilled lizards
  8 kobolds
  2 rats (D:1)
61 creatures vanquished.

Notes
Turn   | Place    | Note
-------+----------+-------------------------------------------
     0 | D:1      | equalderp2856 the Minotaur Fighter began the quest for the Orb.
     0 | D:1      | Reached XP level 1. HP: 19/19 MP: 0/0
     4 | D:1      | Noticed a six-headed hydra
    11 | D:1      | Noticed an elephant
   318 | D:1      | Reached XP level 2. HP: 27/27 MP: 1/1
  1313 | D:2      | Reached XP level 3. HP: 33/33 MP: 2/2
  1617 | D:2      | Found a shattered altar of Ashenzari.
  1617 | D:2      | Found a deep blue altar of Sif Muna.
  1804 | D:3      | Reached XP level 4. HP: 41/41 MP: 3/3
  2299 | D:3      | Reached XP level 5. HP: 38/47 MP: 4/4
  2844 | D:4      | Found a staircase to the Ecumenical Temple.
  2896 | D:4      | Noticed an ogre
  2902 | D:4      | Slain by an ogre

Skill      XL: |  1  2  3  4 |
---------------+-------------+-----
Fighting       | 4 |  4.3
Armour         | 4 |  4.4
Axes           | 3 4 |  4.1
Shields        | 4 |  4.4
Dodging        | |  0.9
Stealth        | |  0.5

Action                   |  1- 3 |  4- 6 || total
-------------------------+-------+-------++-------
Melee: War axe           |    88 |    43 ||   131
       Headbutt          |    13 |    11 ||    24
  Use: Scroll            |       |     2 ||     2
  Eat: Chunk             |     2 |     2 ||     4
Armor: Scale mail        |    28 |    16 ||    44
Dodge: Dodged            |    28 |    10 ||    38
Block: Shield            |    56 |    26 ||    82
